 Dungeon Crawl Stone Soup version 0.30-a0-168-g0b976cbdc4 (webtiles) character file.

Game seed: 12517473346135169323

442 qw the Chopper (level 7, -9/43 HPs)
             Began as a Gargoyle Fighter on Sept 29, 2022.
             Mangled by Edmund
             ... wielding a +7 dire flail of protection
              (13 damage)
             ... on level 4 of the Dungeon.
             The game lasted 00:01:30 (3923 turns).

qw the Chopper (Gargoyle Fighter)                   Turns: 3923, Time: 00:01:31

Health: -9/43      AC: 20    Str: 21    XL:     7   Next: 2%
Magic:  7/7        EV: 11    Int:  9    God:
Gold:   169        SH:  4    Dex:  9    Spells: 6/6 levels left

rFire   . . .      SeeInvis .    Y - +0 war axe
rCold   . . .      Faith    .    c - +0 buckler
rNeg    + . .      Spirit   .    p - +0 chain mail
rPois   inf        Reflect  .    g - +2 helmet
rElec   +          Harm     .    e - +1 cloak
rCorr   +          Rampage  .    q - +0 pair of gloves
Will    .....                    (no boots)
Stlth   ..........               (no amulet)
HPRegen 0.14/turn                f - ring of resist corrosion
MPRegen 0.10/turn                n - +4 ring of evasion

@: about to teleport
A: sickness immunity, AC +4, negative energy resistance 1, electricity
resistance, torment resistance 1, petrification resistance
a: no special abilities


You were on level 4 of the Dungeon.
You visited 1 branch of the dungeon, and saw 4 of its levels.

You collected 169 gold pieces.


Innate Abilities, Weirdness & Mutations

You are immune to sickness and miasma.
Your stone body is resilient. (AC +4)
You are immune to poison.
You resist negative energy. (rN+)
You are resistant to electric shocks. (rElec)
You are resistant to unholy torment.
You are immune to petrification.


   Skills:
 - Level 4.0 Fighting
 + Level 6.0 Axes
 - Level 1.0 Throwing
 - Level 3.2 Armour
 - Level 1.1 Dodging
 - Level 3.2 Shields


You had 6 spell levels left.
You didn't know any spells.
Your spell library was empty.

Inventory:

Hand Weapons
 o - a +0 flail
 Y - a +0 war axe (weapon)
Missiles
 r - 2 javelins (quivered)
Armour
 c - a +0 buckler (worn)
 e - a +1 cloak (worn)
 g - a +2 helmet (worn)
 p - a +0 chain mail (worn)
 q - a +0 pair of gloves (worn)
Jewellery
 f - a ring of resist corrosion (left hand)
 l - a ring of ice
 n - a +4 ring of evasion (right hand)
 s - a ring of fire
Scrolls
 a - a scroll of enchant weapon {unknown}
 j - a scroll of identify
 t - 2 scrolls of teleportation
 w - a scroll of noise {unknown}
Potions
 b - a potion of curing
 d - a potion of might
 h - a potion of haste
 i - a potion of brilliance {unknown}
 k - a potion of attraction {unknown}
 m - a potion of lignification
 u - 2 potions of heal wounds {unknown}
 v - a potion of degeneration {unknown}

Dungeon Overview and Level Annotations

Branches:
Dungeon (4/15)
 Temple: D:4-7

Altars:
Dithmenos
Gozag
Nemelex Xobeh

Shops:
D:2 (

Annotations:
D:3 1 runed translucent door, qw's ghost, amateur GrFi
D:4 Edmund


Message History

Press: ? - help, Q - select action Shift-Dir - straight line, f - adder You throw a javelin.
The javelin pierces through the adder.
The adder is heavily wounded.
Edmund the Younger comes into view.
He is wielding a +7 dire flail of protection.
You barely miss the adder.
The adder is heavily wounded.
Edmund shouts!
You block the adder's attack.
Edmund asks, "Have you met my wondrous brother?"
The adder closely misses you.
You closely miss the adder.
The adder is heavily wounded.
The adder bites you but does no damage. The adder bites you.
You completely miss the adder.
The adder is heavily wounded.
The adder bites you but does no damage.
You slash the adder!
You kill the adder!
Your Dodging skill increases to level 1!
You hit Edmund.
Edmund is lightly wounded.
Edmund hits you with a +7 dire flail of protection!
You barely miss Edmund.
Edmund is lightly wounded.
Edmund hits you with a +7 dire flail of protection!
Edmund completely misses you.
You hit Edmund but do no damage.
Edmund is lightly wounded.
Edmund hits you with a +7 dire flail of protection!
You hit Edmund but do no damage.
Edmund is lightly wounded.
Edmund hits you but does no damage.
You hit Edmund.
Edmund is moderately wounded.
Edmund hits you with a +7 dire flail of protection!
3923 ||| READING 3 scrolls of teleportation.
As you read the scroll of teleportation, it crumbles to dust.
You feel strangely unstable.
Edmund hits you with a +7 dire flail of protection!
You die...

)))......######.#
.#######.#
....#....#
.##.#.#### #..
#.. .##...# ## #
#.# (. # #.#
#####.########
#####.#
#.....@@.....#
......#
#.....######.#
#.###.# #.###.#
#.# #.# #.# #.#
#.# #.# #.# #.#
#.# #.# #.# #.#
#.####.# #.# #.#
#.# #......# #.#
#.# ..# #.###..#
#.# #.#
#.###.###.## #.#
#.#


You could see Edmund.

Vanquished Creatures
  A jelly (D:4)
  A hound (D:4)
  An orc priest (D:3)
  Jessica (D:2)
  Natasha (thrice) (D:2)
  2 iguanas
  Robin (D:3)
  4 gnolls (D:4)
  3 adders
  4 worms
  6 dart slugs
  4 orcs (D:3)
  4 ball pythons
  2 endoplasms
  3 giant cockroaches
  16 goblins
  11 hobgoblins
  4 quokkas
  4 bats
  10 frilled lizards (D:3)
  10 kobolds
  5 rats
  A spectral hobgoblin (D:1)
101 creatures vanquished.

Vanquished Creatures (others)
  7 plants (D:3)
7 creatures vanquished.

Grand Total: 108 creatures vanquished

Notes
Turn   | Place    | Note
-------+----------+-------------------------------------------
     0 | D:1      | qw the Gargoyle Fighter began the quest for the Orb.
     0 | D:1      | Reached XP level 1. HP: 14/14 MP: 1/1
     0 | D:1      | 0 ||| qw: Version: 0.2-a-12-gaebbb33
     0 | D:1      | 0 ||| qw: Game counter: 1192
     0 | D:1      | 0 ||| qw: Always use a shield: true
     0 | D:1      | 0 ||| qw: God list: Okawaru
     0 | D:1      | 0 ||| qw: Allow faded altars: false
     0 | D:1      | 0 ||| qw: Do Orc after D:15 true
     0 | D:1      | 0 ||| qw: Do second Lair branch before Depths: true
     0 | D:1      | 0 ||| qw: Lair rune preference: random
     0 | D:1      | 0 ||| qw: Plans: Normal, Zot:1-4, God:TSO, Crypt, Tomb,
                  | Pan, Slime:5, Hells, Abyss, Orb
     0 | D:1      | 0 ||| PLANNING D:1-11
    22 | D:1      | 22 ||| Stepping ~*~*~tactically~*~*~ (stealth).
    23 | D:1      | 23 ||| Stepping ~*~*~tactically~*~*~ (stealth).
   165 | D:1      | Reached skill level 2 in Axes
   304 | D:1      | 304 ||| Stepping ~*~*~tactically~*~*~ (stealth).
   310 | D:1      | Reached XP level 2. HP: 19/19 MP: 2/2
   784 | D:1      | Found a faded altar of an unknown god.
   793 | D:1      | Reached skill level 3 in Axes
   952 | D:1      | 952 ||| UPGRADING to +0 helmet.
   957 | D:1      | 957 ||| UPGRADING to +0 chain mail.
   967 | D:1      | 967 ||| DROPPING +0 scale mail.
   968 | D:1      | 968 ||| UPGRADING to ring of resist corrosion.
   969 | D:1      | 969 ||| DROPPING ring of flight.
   970 | D:1      | 970 ||| UPGRADING to +4 ring of evasion.
   971 | D:1      | 971 ||| READING scroll labelled HOUTSA GIFEANTE.
   972 | D:1      | 972 ||| READING scroll labelled ORUDWA ASECH.
   975 | D:1      | 975 ||| READING 2 scrolls labelled ENYNEK TUDWO LUSA.
   976 | D:1      | 976 ||| READING scroll labelled COAXUHU SALI.
   977 | D:1      | 977 ||| READING scroll labelled WELIFU CUME.
   978 | D:1      | 978 ||| DROPPING scroll of summoning.
  1051 | D:2      | Noticed Jessica
  1056 | D:2      | Killed Jessica
  1057 | D:2      | Reached XP level 3. HP: 20/23 MP: 3/3
  1286 | D:2      | Noticed Natasha
  1287 | D:2      | 1287 ||| Stepping ~*~*~tactically~*~*~ (hiding).
  1288 | D:2      | 1288 ||| Stepping ~*~*~tactically~*~*~ (hiding).
  1289 | D:2      | 1289 ||| Stepping ~*~*~tactically~*~*~ (hiding).
  1302 | D:2      | Killed Natasha
  1303 | D:2      | Reached skill level 4 in Axes
  1303 | D:2      | Reached XP level 4. HP: 15/28 MP: 4/4
  1348 | D:2      | Noticed Natasha
  1353 | D:2      | Killed Natasha
  1434 | D:2      | Noticed Natasha
  1435 | D:2      | 1435 ||| Stepping ~*~*~tactically~*~*~ (stealth).
  1437 | D:2      | 1437 ||| Stepping ~*~*~tactically~*~*~ (hiding).
  1440 | D:2      | Killed Natasha
  1441 | D:2      | Reached XP level 5. HP: 32/32 MP: 5/5
  2164 | D:2      | Found Coisoi's Antique Weapon Boutique.
  2168 | D:2      | 2168 ||| SHOPLISTING glowing broad axe (168 gold, have 31).
  2168 | D:2      | 2168 ||| SHOPLISTING runed mace (144 gold, have 31).
  2197 | D:2      | 2197 ||| UPGRADING to +2 helmet.
  2207 | D:2      | 2207 ||| DROPPING +0 helmet.
  2208 | D:2      | 2208 ||| READING 3 scrolls labelled XIUGOAPRURGH.
  2209 | D:2      | 2209 ||| DRINKING 2 pink potions.
  2256 | D:2      | 2256 ||| DROPPING 2 scrolls of magic mapping.
  2291 | D:3      | 2291 ||| PLANNING SEWER
  2315 | D:3      | 2315 ||| Stepping ~*~*~tactically~*~*~ (hiding).
  2346 | D:3      | 2346 ||| Stepping ~*~*~tactically~*~*~ (stealth).
  2348 | D:3      | 2348 ||| Stepping ~*~*~tactically~*~*~ (stealth).
  2423 | D:3      | 2423 ||| Stepping ~*~*~tactically~*~*~ (hiding).
  2424 | D:3      | 2424 ||| Stepping ~*~*~tactically~*~*~ (hiding).
  2427 | D:3      | Reached skill level 5 in Axes
  2487 | D:3      | 2487 ||| Stepping ~*~*~tactically~*~*~ (stealth).
  2490 | D:3      | 2490 ||| Stepping ~*~*~tactically~*~*~ (stealth).
  2598 | D:3      | 2598 ||| DROPPING +1 whip of venom.
  2711 | D:3      | Reached XP level 6. HP: 31/38 MP: 6/6
  2915 | D:3      | 2915 ||| RIP SEWER
  2955 | D:3      | 2955 ||| PLANNING D:1-11
  3028 | D:3      | Found a runed translucent door.
  3032 | D:3      | Noticed qw's ghost (amateur GrFi)
  3033 | D:3      | 3033 ||| Stepping ~*~*~tactically~*~*~ (stealth).
  3034 | D:3      | Noticed Robin
  3035 | D:3      | 3035 ||| Stepping ~*~*~tactically~*~*~ (stealth).
  3056 | D:3      | Killed Robin
  3057 | D:3      | Reached skill level 1 in Throwing
  3073 | D:3      | 3073 ||| Stepping ~*~*~tactically~*~*~ (stealth).
  3203 | D:3      | 3203 ||| UPGRADING to +1 cloak.
  3208 | D:3      | 3208 ||| UPGRADING to +0 pair of gloves.
  3213 | D:3      | 3213 ||| READING scroll labelled OKA NEECWU.
  3214 | D:3      | 3214 ||| DRINKING 2 fizzy grey potions.
  3215 | D:3      | 3215 ||| READING 2 scrolls of identify.
  3215 | D:3      | 3215 ||| IDENTIFYING purple potion
  3216 | D:3      | 3216 ||| DROPPING potion of flight.
  3260 | D:4      | 3260 ||| Stepping ~*~*~tactically~*~*~ (stealth).
  3264 | D:4      | 3264 ||| Stepping ~*~*~tactically~*~*~ (stealth).
  3307 | D:4      | Found a shadowy altar of Dithmenos.
  3590 | D:4      | 3590 ||| Stepping ~*~*~tactically~*~*~ (stealth).
  3600 | D:4      | Reached skill level 6 in Axes
  3635 | D:4      | Found an opulent altar of Gozag.
  3693 | D:4      | Reached XP level 7. HP: 43/43 MP: 7/7
  3765 | D:4      | Found a sparkling altar of Nemelex Xobeh.
  3913 | D:4      | Noticed Edmund
  3918 | D:4      | Reached skill level 1 in Dodging
  3922 | D:4      | HP: 4/43 [Edmund/+7 dire flail of protection (11)]
  3923 | D:4      | 3923 ||| READING 3 scrolls of teleportation.
  3923 | D:4      | Mangled by Edmund

Levels and vault maps discovered:
D:1:      noname_arrival_rooms_in_the_neighbourhood, layout_basic,
          dreamdust_ecumenical_altar_drowned_temple, feat_on_display
D:2:      layout_basic, serial_shops, shop, kennysheep_boxes, uniq_natasha,
          uniq_jessica
D:3:      layout_basic, gup_sewer_entry_bowl, hellmonk_ghost_happy_afterlife,
          minmay_lizard_king, uniq_robin
D:4:      layout_loops_ring, nicolae_gozag_seed_capital, kennysheep_little_box,
          nemelex_spade_bored_becter, lemuel_temple_firewalk_a, uniq_edmund

Skill      XL: |  1  2  3  4  5  6  7 |
---------------+----------------------+-----
Axes           | 2 3 4 5 6 |  6.0
Fighting       | 4 |  4.0
Throwing       | 1 |  1.0
Dodging        | 1 |  1.1
Armour         | |  3.2
Shields        | |  3.2

Action                   |  1- 3 |  4- 6 |  7- 9 || total
-------------------------+-------+-------+-------++-------
Melee: War axe           |    76 |   211 |     9 ||   296
Throw: Javelin           |       |    15 |     1 ||    16
  Use: Scroll            |     5 |     3 |     1 ||     9
       Potion            |       |     2 |       ||     2
Armor: Scale mail        |    22 |       |       ||    22
       Chain mail        |    17 |    93 |     3 ||   113
Dodge: Dodged            |    33 |   108 |     2 ||   143
Block: Buckler           |     7 |    31 |     1 ||    39

Table legend:
 A = Non-vault XP
 B = Vault XP
 C = Vault XP percentage of total XP
 D = Non-vault monster count
 E = Vault monster count
 F = Vault count percentage of total count
                 A         B        C        D         E       F
            +---------+---------+-------+---------+---------+-------
      Total |     505 |     127 |  20.1 |      74 |      27 |  26.7
            +---------+---------+-------+---------+---------+-------
        D:1 |      31 |       1 |   3.1 |      18 |       1 |   5.3
        D:2 |     108 |      72 |  40.0 |      17 |       2 |  10.5
        D:3 |     132 |      54 |  29.0 |      22 |      24 |  52.2
        D:4 |     234 |       0 |   0.0 |      17 |       0 |   0.0
            +---------+---------+-------+---------+---------+-------
